Map: Oxide LE

Players

A.I. 1 (Harder)

  • Race: Protoss Protoss

QuietMind - Winner!

  • Race: Terran Terran

VOD

Have the link to the VOD?

Description

Time

  • Played on: Aug. 16, 2021, 1:12 a.m.
  • Length: 15:32
Show
View Real Time Build Order
Export as new Build Order

A.I. 1 (Harder) Protoss 

Build Orders: 1 Gate Expand 

Get SALT Encoding   

  12  0:00  Probe  
  13  0:13  Probe  
  14  0:19  Pylon  
  14  0:25  Probe  
  15  0:33  Probe  
  15  0:41  Probe  
  17  0:50  Gateway  
  17  1:06  Probe  
  17  1:09  Nexus  
  18  1:26  Pylon  
  18  1:29  Assimilator  
  18  1:38  Zealot  
  20  1:40  Cybernetics Core  
  20  1:41  Probe  
  21  1:53  Probe  
  22  2:03  Gateway, Probe  
  23  2:10  Stalker  
  23  2:11  Assimilator  
  23  2:16  Probe  
  23  2:20  Pylon  
  26  2:27  Probe  
  27  2:35  Warp Gate  
  27  2:38  Stalker  
  27  2:40  Probe  
  30  2:52  Probe  
  30  2:54  Adept, Probe  
  34  3:04  Probe  
  35  3:05  Gateway  
  35  3:07  Probe  
  35  3:09  Zealot  
  36  3:16  Probe  
  36  3:19  Probe  
  40  3:26  Adept  
  42  3:35  Adept  
  44  3:43  Pylon  
  44  3:52  Stalker  
  44  3:54  Probe  
  45  3:56  Probe  
  50  4:03  Sentry  
  50  4:04  Stargate  
  50  4:06  Probe  
  51  4:10  Assimilator, Probe  
  51  4:16  Assimilator  
  52  4:19  Pylon  
  52  4:20  Probe x2  
  54  4:29  Probe  
  54  4:32  Probe  
  54  4:37  Probe  
  56  4:40  Zealot  
  56  4:42  Forge  
  59  4:45  Void Ray  
  59  4:49  Pylon, Probe  
  59  4:51  Probe  
  65  5:01  Probe  
  65  5:03  Zealot, Probe  
  69  5:13  Probe  
  70  5:14  Adept  
  70  5:15  Probe, Protoss Ground Armor Level 1  
  70  5:17  Pylon  
  73  5:25  Probe  
  73  5:26  Adept  
  76  5:35  Probe  
  77  5:37  Adept, Probe, Pylon  
  80  5:47  Probe  
  80  5:49  Adept  
  83  5:55  Probe  
  84  5:59  Probe  
  84  6:00  Sentry  
  84  6:01  Pylon  
  87  6:07  Probe  
  88  6:11  Stalker  
  90  6:19  Photon Cannon, Probe  
  90  6:22  Pylon  
  90  6:23  Stalker  
  90  6:25  Robotics Facility  
  93  6:32  Photon Cannon  
  93  6:34  Stalker, Pylon  
  95  6:40  Twilight Council  
  95  6:46  Stalker  
  95  6:47  Pylon  
  97  6:48  Void Ray  
  97  6:53  Forge  
  97  7:00  Blink  
  100  7:06  Photon Cannon  
  100  7:07  Photon Cannon  
  100  7:09  Photon Cannon  
  100  7:14  Observer  
  101  7:23  Protoss Ground Weapons Level 1  
  101  7:29  Observer  
  102  8:53  Nexus  
  102  9:08  Sentry  
  100  9:10  Warp Prism  
  100  9:15  Gateway  
  100  9:16  Stalker  
  104  9:17  Pylon  
  104  9:22  Protoss Shields Level 1  
  104  9:36  Warp Prism  
  104  9:38  Pylon  
  106  9:58  Robotics Bay  
  106  10:00  Stargate  
  106  10:01  Pylon  
  106  10:04  Gateway  
  105  10:13  Immortal  
  107  10:14  Zealot  
  107  10:15  Zealot  
  107  10:16  Stalker  
  107  10:18  Zealot  
  89  10:21  Zealot  
  68  10:32  Nexus  
  68  10:33  Void Ray  
  68  10:35  Zealot  
  58  10:38  Stalker  
  58  10:39  Zealot  
  58  10:42  Stalker  
  43  10:43  Probe  
  40  10:52  Observer  
  40  10:55  Zealot, Probe  
  40  10:59  Stalker  
  40  11:01  Zealot  
  38  11:05  Zealot  
  38  11:07  Probe  
  35  11:13  Observer  
  35  11:15  Zealot  
  34  11:21  Zealot  
  34  11:22  Zealot  
  20  11:46  Probe  
  3  11:58  Probe  
  3  12:10  Probe  
  4  12:22  Probe  
  5  12:34  Probe  
  4  12:46  Probe  
Show
View Real Time Build Order
Export as new Build Order

QuietMind Terran - Winner!

Build Orders: Mech 

Get SALT Encoding   

  12  0:00  SCV  
  13  0:12  SCV  
  14  0:18  Supply Depot  
  14  0:26  SCV  
  15  0:39  SCV  
  15  0:41  Barracks  
  16  0:49  Refinery  
  16  0:51  SCV  
  17  1:04  SCV  
  18  1:16  SCV  
  19  1:28  Orbital Command  
  19  1:36  Command Center  
  19  1:50  Factory  
  19  1:54  Marine  
  19  1:55  SCV  
  21  2:04  Supply Depot  
  21  2:07  SCV  
  22  2:09  Refinery  
  22  2:15  Barracks Tech Lab  
  22  2:19  SCV  
  23  2:31  SCV  
  24  2:40  Siege Tank  
  24  2:41  Marine  
  28  2:45  SCV  
  29  2:57  Bunker  
  29  2:58  SCV  
  30  3:04  Orbital Command, Marine  
  31  3:10  SCV  
  32  3:14  Siege Tank  
  35  3:22  SCV  
  35  3:25  Marine  
  37  3:29  Supply Depot  
  37  3:31  SCV  
  39  3:34  SCV  
  39  3:43  SCV  
  39  3:44  Barracks Reactor  
  39  3:46  Siege Tank, SCV  
  44  3:52  Supply Depot  
  44  3:55  SCV  
  45  3:58  SCV  
  45  4:02  Command Center  
  46  4:07  SCV  
  46  4:08  Armory  
  47  4:10  SCV  
  47  4:15  Factory  
  48  4:19  SCV  
  48  4:21  Supply Depot  
  48  4:22  SCV  
  50  4:30  Marauder  
  56  4:31  Widow Mine x2, SCV  
  56  4:34  SCV  
  56  4:35  Engineering Bay  
  58  4:43  Refinery, SCV  
  59  4:46  SCV  
  59  4:48  Supply Depot  
  59  4:52  Supply Depot  
  60  4:55  Hellbat x2, SCV  
  60  4:57  Supply Depot  
  65  5:06  Barracks Tech Lab  
  65  5:09  Thor  
  65  5:11  SCV x2  
  73  5:16  Missile Turret  
  73  5:21  Orbital Command  
  73  5:23  Refinery, SCV x2  
  73  5:24  Missile Turret  
  77  5:28  Marauder  
  77  5:31  Hellbat  
  77  5:35  SCV  
  80  5:37  SCV  
  80  5:41  Orbital Command  
  81  5:47  SCV  
  81  5:49  SCV  
  83  5:55  Marauder  
  83  5:56  Hellbat x2, Thor  
  95  6:05  SCV x2  
  97  6:11  Supply Depot  
  97  6:17  SCV x2  
  99  6:19  SCV  
  99  6:21  Hellbat x2  
  99  6:22  Marauder  
  106  6:27  Bunker  
  106  6:29  Supply Depot, SCV  
  106  6:30  SCV  
  106  6:31  SCV  
  109  6:38  Command Center  
  109  6:42  SCV x2, Supply Depot  
  109  6:43  SCV  
  112  6:48  Marauder, Hellbat  
  112  6:50  Thor  
  112  6:51  Terran Vehicle Weapons Level 1, Hellbat  
  124  6:55  Armory  
  124  6:57  Missile Turret  
  124  7:01  Refinery  
  124  7:06  Supply Depot  
  124  7:09  Marauder  
  124  7:10  Hellbat  
  124  7:11  Supply Depot  
  124  7:12  Hellbat  
  124  7:13  SCV x2  
  124  7:14  SCV  
  124  7:15  Supply Depot  
  133  7:20  Infernal Pre-Igniter  
  133  7:27  SCV x3  
  133  7:29  Factory  
  136  7:31  Supply Depot  
  136  7:35  Supply Depot x2  
  136  7:36  Thor  
  144  7:37  Hellbat  
  144  7:39  Hellbat  
  144  7:40  SCV x3  
  144  7:43  Terran Vehicle And Ship Armor Level 1  
  149  7:45  Barracks Tech Lab  
  149  7:52  SCV x2  
  151  8:04  Command Center  
  151  8:08  SCV x3  
  151  8:10  Hellbat x2  
  151  8:11  Marauder  
  160  8:16  Refinery  
  160  8:20  SCV x3  
  160  8:21  Planetary Fortress  
  163  8:30  Thor  
  163  8:32  SCV x3  
  172  8:37  Factory x2  
  172  8:38  Marauder  
  172  8:39  Hellbat x2, Thor  
  172  8:40  Factory  
  184  8:48  Refinery, SCV x2  
  184  8:49  Terran Vehicle Weapons Level 2, SCV  
  187  8:59  Missile Turret, SCV  
  187  9:00  SCV  
  187  9:01  SCV x2  
  189  9:11  SCV  
  189  9:13  SCV x3  
  189  9:15  Supply Depot  
  193  9:23  SCV  
  194  9:33  Command Center  
  194  9:34  Command Center  
  194  9:36  Refinery  
  194  9:43  SCV x2  
  194  9:44  Factory Tech Lab x3  
  196  9:46  Hellbat  
  196  9:47  Hellbat  
  200  10:19  Starport  
  200  10:20  Starport  
  194  10:22  Starport x2  
  194  10:24  Starport  
  190  10:33  Planetary Fortress  
  188  10:44  SCV, Thor  
  188  10:47  Orbital Command x2  
  195  10:51  Missile Turret  
  195  10:57  Command Center  
  195  11:02  Starport Tech Lab x2  
  195  11:03  Starport Tech Lab, Command Center  
  191  11:04  Starport Tech Lab x2  
  191  11:05  Command Center  
  191  11:10  Fusion Core  
  190  11:14  Thor x2  
  190  11:17  Terran Vehicle And Ship Armor Level 2  
  190  11:18  Terran Vehicle Weapons Level 3  
  200  11:21  Hi-Sec Auto Tracking  
  198  11:36  SCV  
  198  11:37  SCV x2  
  200  11:53  Factory  
  200  11:54  Factory  
  200  11:56  Refinery x2  
  200  12:00  Factory  
  200  12:01  Factory  
  200  12:14  Weapon Refit  
  200  12:16  Orbital Command  
  200  12:18  Neosteel Armor  
  200  12:49  Command Center  
  200  12:57  Factory Reactor  
  200  12:58  Factory Reactor, Factory Tech Lab x2  
  200  13:22  Planetary Fortress  
  200  13:38  Refinery  
  200  13:39  Refinery  
  200  13:40  Missile Turret  
  200  14:05  Battlecruiser  
  200  14:06  Battlecruiser x4  
  200  14:11  Hellbat x6  
  200  14:39  Orbital Command  
Tags
 
Composition
Mech
Matchup
PvT
Add a new tag
Caveats
  • Supply blocks, unpowered buildings, or Contaminate may cause inaccurate times.
  • Supply counts are checked every 10 seconds.